 Dungeon Crawl Stone Soup version 0.31-a0-230-g09eb5fc4d3 (webtiles) character file.

Game seed: 5369310902480361727

1352 qw the Skirmisher (level 8, -4/69 HPs)
             Began as a Minotaur Hexslinger on July 6, 2023.
             Slain by an orc warrior
             ... wielding a +0 war axe of flaming
              (6 damage)
             ... on level 5 of the Dungeon.
             The game lasted 00:01:38 (3312 turns).

qw the Skirmisher (Minotaur Hexslinger)             Turns: 3312, Time: 00:01:38

Health: -4/69      AC: 11    Str: 13    XL:     8   Next: 36%
Magic:  8/8        EV: 11    Int: 10    God:
Gold:   120        SH:  0    Dex: 15    Spells: 8/9 levels left

rFire   . . .        Y - +1 sling
rCold   . . .        (no shield)
rNeg    + . .        h - +0 ring mail
rPois   .            (helmet restricted)
rElec   .            (no cloak)
rCorr   .            c - +1 pair of gloves
SInv    .            (no boots)
Will    .....        (no amulet)
Stlth   +            b - ring of positive energy
HPRegen 0.31/turn    n - +4 ring of protection
MPRegen 0.11/turn

%: no passive effects
@: about to teleport
A: horns 2, retaliatory headbutt
a: no special abilities


You were on level 5 of the Dungeon.
You visited 1 branch of the dungeon, and saw 5 of its levels.

You collected 207 gold pieces.
You spent 87 gold pieces at shops.


Innate Abilities, Weirdness & Mutations

You have a pair of horns on your head.
You reflexively headbutt those who attack you in melee.


   Skills:
 - Level 5.4 Fighting
 - Level 9.9 Ranged Weapons
 - Level 2.4 Armour
 + Level 2.6 Dodging
 - Level 1.0 Spellcasting
 - Level 2.0 Hexes


You had 8 spell levels left.
You knew the following spells:

 Your Spells              Type           Power      Damage    Failure   Level
a - Slow                  Hex            16%        N/A       30%         1

Your spell library contained the following spells:

 Spells                   Type           Power      Damage    Failure   Level
 Inner Flame              Hex/Fire       2%         N/A       80%         3
 Portal Projectile        Hex/Tloc       4%         N/A       80%         3
 Cause Fear               Hex            2%         N/A       97%         4

Inventory:

Hand Weapons
 Y - a +1 sling (weapon)
Armour
 c - a +1 pair of gloves (worn)
 h - a +0 ring mail (worn)
Jewellery
 b - a ring of positive energy (left hand)
 d - a ring of fire
 n - a +4 ring of protection (right hand)
Scrolls
 g - a scroll of identify
 o - a scroll of silence {unknown}
Potions
 a - 2 potions of enlightenment
 e - a potion of mutation {unknown}
 f - 2 potions of resistance
 i - a potion of heal wounds {unknown}
 k - a potion of lignification {unknown}
 l - 2 potions of curing
 m - a potion of cancellation {unknown}

Dungeon Overview and Level Annotations

Branches:
Dungeon (5/15)
 Temple: D:4-7

Altars:
Ashenzari
Hepliaklqana
Kikubaaqudgha
Vehumet
Wu Jian

Shops:
D:2 [*

Annotations:
D:3 3 runed translucent doors, qw's ghost, amateur MiHs


Message History

The orc warrior hits you but does no damage.
You shoot a sling bullet.
The sling bullet barely misses the orc warrior.
The sling bullet hits the orc wizard.
The orc wizard is lightly wounded.
The orc warrior hits you with a +0 war axe of flaming!
The orc warrior burns you.
You shoot a sling bullet.
The sling bullet closely misses the orc warrior.
The sling bullet misses the orc wizard.
The orc warrior hits you with a +0 war axe of flaming.
The orc warrior burns you.
You shoot a sling bullet.
The sling bullet closely misses the orc warrior.
The sling bullet hits the orc wizard but does no damage.
The orc wizard is lightly wounded.
The orc warrior hits you with a +0 war axe of flaming.
The orc warrior burns you.
You shoot a sling bullet.
The sling bullet barely misses the orc warrior.
The sling bullet barely misses the orc wizard.
The orc warrior hits you but does no damage.
You shoot a sling bullet. The sling bullet hits the orc warrior.
The orc warrior is moderately wounded.
The orc warrior hits you with a +0 war axe of flaming!
The orc warrior burns you.
3311 ||| READING scroll of teleportation.
As you read the scroll of teleportation, it crumbles to dust.
You feel strangely unstable. The orc warrior completely misses you.
You furiously retaliate!
You headbutt the orc warrior.
The orc wizard mumbles some strange words.
The orc wizard flickers and vanishes!
Deactivating autopickup; reactivate with Ctrl-A.
You shoot a sling bullet. The sling bullet hits the orc warrior.
The orc warrior is severely wounded.
The orc warrior hits you with a +0 war axe of flaming.
The orc warrior burns you.
The orc warrior hits you with a +0 war axe of flaming.
You die...

..# ..# .#... ..# ...
#.# ... # # ... ##..
#.# .[........## #{#
............ #o#
##........##. #@#
#.......##.###.#
##...........#..#
#..............######
##...................#
...............[.....#
.....................#
.....................#
##.#####.......##.#.##


You could see an orc warrior.

Vanquished Creatures
  Pikel (D:5)
  Grinder (D:4)
  Menkaure (D:4)
  An ogre (D:5)
  2 scorpions
  A jelly (D:5)
  An orc priest (D:5)
  2 hounds
  A sleepcap (D:5)
  2 orc wizards
  7 adders
  A white imp (D:5)
  An ufetubus (D:4)
  2 worms (D:4)
  5 dart slugs
  7 orcs
  8 bats
  8 endoplasms
  3 giant cockroaches (D:3)
  4 goblins
  5 hobgoblins
  9 jackals
  2 kobolds (D:1)
  2 quokkas (D:3)
  5 ball pythons
  3 frilled lizards
  7 rats
92 creatures vanquished.

Vanquished Creatures (others)
  A human (D:4)
1 creature vanquished.

Grand Total: 93 creatures vanquished

Notes
Turn   | Place    | Note
-------+----------+-------------------------------------------
     0 | D:1      | qw the Minotaur Hexslinger began the quest for the Orb.
     0 | D:1      | Reached XP level 1. HP: 16/16 MP: 1/1
     0 | D:1      | 0 ||| qw: Version: 0.3-a-46-gb1f654a
     0 | D:1      | 0 ||| qw: Game counter: 1745
     0 | D:1      | 0 ||| qw: Melee chars always use a shield: true
     0 | D:1      | 0 ||| qw: God list: Okawaru
     0 | D:1      | 0 ||| qw: Allow faded altars: false
     0 | D:1      | 0 ||| qw: Do Orc after clearing Dungeon:15 true
     0 | D:1      | 0 ||| qw: Do second Lair branch before Depths: true
     0 | D:1      | 0 ||| qw: Lair rune preference: random
     0 | D:1      | 0 ||| qw: Goals: Normal
     0 | D:1      | 0 ||| PLANNING D:1-11
   116 | D:1      | Reached skill level 3 in Ranged Weapons
   116 | D:1      | Reached XP level 2. HP: 22/23 MP: 2/2
   660 | D:1      | Reached XP level 3. HP: 29/29 MP: 3/3
   672 | D:1      | 672 ||| READING scroll labelled LYPHIY WEXAMN.
   673 | D:1      | 673 ||| READING 2 scrolls labelled BEUL WUCOKLIMM.
   674 | D:1      | 674 ||| READING scroll labelled BIRISS EDUMYQE.
   675 | D:1      | 675 ||| READING scroll labelled APUWKU ISIE.
   676 | D:1      | 676 ||| DROPPING scroll of poison.
   766 | D:2      | Reached skill level 4 in Ranged Weapons
   837 | D:2      | Found a broken altar of Ashenzari.
   890 | D:2      | Reached XP level 4. HP: 36/36 MP: 4/4
   996 | D:2      | Found Mekef's Armour Shop.
   999 | D:2      | 999 ||| BUYING +0 ring mail (40 gold).
   999 | D:2      | Bought a +0 ring mail for 40 gold pieces
  1036 | D:2      | Found a faded altar of an unknown god.
  1069 | D:2      | Found Tineisih's Assorted Antiques.
  1086 | D:2      | 1086 ||| SHOPLISTING blackened glass wand (100 gold, have
                  | 53).
  1086 | D:2      | 1086 ||| BUYING fuming black potion (22 gold).
  1086 | D:2      | Bought a fuming black potion for 22 gold pieces
  1086 | D:2      | 1086 ||| BUYING scroll labelled RILYTI ABANUIG (25 gold).
  1086 | D:2      | Bought a scroll labelled RILYTI ABANUIG for 25 gold pieces
  1185 | D:2      | 1185 ||| UPGRADING to +0 leather armour.
  1195 | D:2      | 1195 ||| DROPPING +0 robe.
  1196 | D:2      | 1196 ||| UPGRADING to +0 ring mail.
  1206 | D:2      | 1206 ||| DROPPING +0 leather armour.
  1207 | D:2      | 1207 ||| UPGRADING to ring of positive energy.
  1208 | D:2      | 1208 ||| READING scroll labelled SOZUHA IBACZI.
  1264 | D:2      | 1264 ||| READING scroll labelled EKHLAM ECZEUXYPHU.
  1267 | D:2      | 1267 ||| READING scroll labelled RUMUJA WIXAA.
  1268 | D:2      | 1268 ||| READING scroll labelled RILYTI ABANUIG.
  1269 | D:2      | 1269 ||| READING 2 scrolls of identify.
  1269 | D:2      | 1269 ||| IDENTIFYING metallic inky potion
  1445 | D:3      | Found a runed translucent gate.
  1446 | D:3      | Found a runed translucent gate.
  1447 | D:3      | Found a runed translucent gate.
  1448 | D:3      | Noticed qw's ghost (amateur MiHs)
  1495 | D:3      | Found a hazy altar of Hepliaklqana.
  1514 | D:3      | Reached skill level 1 in Armour
  1623 | D:3      | 1623 ||| UPGRADING to +0 pair of gloves.
  1756 | D:3      | Found a radiant altar of Vehumet.
  1995 | D:4      | Reached skill level 5 in Ranged Weapons
  2074 | D:4      | Noticed Menkaure
  2084 | D:4      | Killed Menkaure
  2085 | D:4      | Reached XP level 5. HP: 19/47 MP: 5/5
  2225 | D:4      | Found an ornate altar of the Wu Jian Council.
  2274 | D:4      | Reached XP level 6. HP: 53/53 MP: 6/6
  2274 | D:4      | Found an ancient bone altar of Kikubaaqudgha.
  2275 | D:4      | Noticed a human
  2277 | D:4      | Killed a human
  2299 | D:4      | Noticed Grinder
  2304 | D:4      | 2304 ||| FLEEEEING.
  2308 | D:4      | 2308 ||| FLEEEEING.
  2310 | D:4      | Paralysed by Grinder for 5 turns
  2330 | D:4      | Killed Grinder
  2331 | D:4      | Reached skill level 6 in Ranged Weapons
  2367 | D:4      | 2367 ||| READING scroll of enchant armour.
  2367 | D:4      | 2367 ||| ENCHANTING +0 pair of gloves.
  2422 | D:4      | Reached skill level 7 in Ranged Weapons
  2422 | D:4      | Reached XP level 7. HP: 60/60 MP: 7/7
  2790 | D:4      | 2790 ||| UPGRADING to +4 ring of protection.
  2791 | D:4      | 2791 ||| READING scroll labelled BOFOAN MERAT.
  2792 | D:4      | 2792 ||| DRINKING 2 brown potions.
  2793 | D:4      | 2793 ||| DRINKING 2 green potions.
  2794 | D:4      | 2794 ||| DRINKING 3 fuming black potions.
  2795 | D:4      | 2795 ||| DROPPING potion of brilliance.
  2814 | D:5      | Entered Level 5 of the Dungeon
  2883 | D:5      | Reached skill level 8 in Ranged Weapons
  3164 | D:5      | Noticed Pikel
  3174 | D:5      | Killed Pikel
  3175 | D:5      | Reached skill level 9 in Ranged Weapons
  3175 | D:5      | Reached XP level 8. HP: 51/69 MP: 8/8
  3310 | D:5      | HP: 12/69 [orc warrior/+0 war axe of flaming (9)]
  3311 | D:5      | 3311 ||| READING scroll of teleportation.
  3312 | D:5      | HP: 3/69 [orc warrior/+0 war axe of flaming (4)]
  3312 | D:5      | Slain by an orc warrior

Levels and vault maps discovered:
D:1:      scummos_arrival_gate, layout_basic
D:2:      layout_rooms, basic_altar, chequers_ecumenical_altar_island,
          serial_shops, nicolae_shop_behind_doors, shop
D:3:      layout_loops_ring, mainiacjoe_overflow_cross_hatched,
          mainiacjoe_overflow_brackets, ebering_ghost_rock_garden,
          minmay_misc_feat_encased
D:4:      layout_loops_ring, tgw_kikubaaqudgha, lemuel_doored_altar,
          uniq_menkaure, uniq_grinder
D:5:      layout_rooms, led_sif_book, minmay_temple_entry_hall, uniq_pikel

Skill      XL: |  1  2  3  4  5  6  7 |
---------------+----------------------+-----
Ranged Weapons | 3 4 5 7 9 |  9.9
Fighting       | 2 4 5 |  5.4
Armour         | 1 2 |  2.4
Dodging        | |  2.6
Spellcasting   | |  1.0
Hexes          | |  2.0

Action                     |  1- 3 |  4- 6 |  7- 9 || total
---------------------------+-------+-------+-------++-------
   Fire: Sling             |    97 |   152 |   159 ||   408
    Use: Scroll            |     4 |     6 |     2 ||    12
         Potion            |       |       |     3 ||     3
 Armour: Robe              |    14 |       |       ||    14
         Ring mail         |       |    38 |    45 ||    83
  Dodge: Dodged            |    28 |    52 |    39 ||   119

Table legend:
 A = Non-vault XP
 B = Vault XP
 C = Vault XP percentage of total XP
 D = Non-vault monster count
 E = Vault monster count
 F = Vault count percentage of total count
                 A         B        C        D         E       F
            +---------+---------+-------+---------+---------+-------
      Total |     840 |    1092 |  56.5 |      89 |       3 |   3.3
            +---------+---------+-------+---------+---------+-------
        D:1 |      44 |       0 |   0.0 |      20 |       0 |   0.0
        D:2 |      65 |       0 |   0.0 |      18 |       0 |   0.0
        D:3 |      39 |       0 |   0.0 |      21 |       0 |   0.0
        D:4 |     243 |     451 |  65.0 |      17 |       2 |  10.5
        D:5 |     449 |     641 |  58.8 |      13 |       1 |   7.1
            +---------+---------+-------+---------+---------+-------
